 Dungeon Crawl Stone Soup version 0.29-a0-321-gf1c400731a (webtiles) character file.

Game seed: 7839245793462709047

18 Flugslaktarn the Stinger (level 2, 0/19 HPs)
             Began as a Human Venom Mage on Apr 3, 2022.
             Slain by a hobgoblin (2 damage)
             ... on level 2 of the Dungeon.
             The game lasted 00:02:44 (533 turns).

Flugslaktarn the Stinger (Human Venom Mage)          Turns: 533, Time: 00:02:44

Health: 0/19       AC:  2    Str:  8    XL:     2   Next: 90%
Magic:  1/5        EV: 12    Int: 15    God:
Gold:   39         SH:  0    Dex: 13    Spells: 2/5 levels left

rFire   + . .      SeeInvis .   i - +1 dagger (freeze)
rCold   . . .      Faith    .   (no shield)
rNeg    . . .      Spirit   .   a - +0 robe
rPois   .          Reflect  .   (no helmet)
rElec   .          Harm     .   (no cloak)
rCorr   .          Rampage  .   (no gloves)
Will    .....                   (no boots)
Stlth   ++........              (no amulet)
HPRegen 0.06/turn               p - ring of protection from fire
MPRegen 0.09/turn               (no ring)

@: very slightly contaminated
A: no striking features
a: no special abilities


You were on level 2 of the Dungeon.
You visited 1 branch of the dungeon, and saw 3 of its levels.

You collected 39 gold pieces.

Inventory:

Hand Weapons
 h - a +0 spear
   (You found it on level 1 of the Dungeon)
 i - a +1 dagger of freezing (weapon)
   (You took it off a goblin on level 1 of the Dungeon)
Armour
 a - a +0 robe (worn)
Jewellery
 p - a ring of protection from fire (left hand)
   (You found it on level 2 of the Dungeon)
Scrolls
 c - a scroll of teleportation {unknown}
 d - a scroll of silence {unknown}
 e - a scroll of magic mapping {unknown}
 f - a scroll of holy word {unknown}
 g - a scroll of identify {unknown}
Potions
 b - 2 potions of magic
 j - a potion of haste {unknown}
 k - 3 potions of attraction {unknown}


   Skills:
 - Level 2.0 Dodging
 - Level 2.0 Stealth
 - Level 2.0 Spellcasting
 - Level 2.0 Transmutations
 + Level 0.9 Air Magic
 + Level 3.2 Poison Magic


You had 2 spell levels left.
You knew the following spells:

 Your Spells              Type           Power      Damage    Failure   Level
a - Sting                 Tmut/Pois      36%        1d4       8%          1
b - Poisonous Vapours     Pois/Air       14%        N/A       14%         2

Your spell library contained the following spells:

 Spells                   Type           Power      Damage    Failure   Level
 Mephitic Cloud           Conj/Pois/Air  5%         N/A       36%         3
 Olgreb's Toxic Radiance  Pois           11%        N/A       52%         4


Dungeon Overview and Level Annotations

Branches:
Dungeon (3/15)

Altars:


Message History

Found a ruby potion.
j - a ruby potion The jackal barks! x2
Casting: Sting (safe; 8% risk of failure)
Confirm with . or Enter, or press ? or * to list all spells.
You can't see any susceptible monsters within range! (Use Z to cast anyway.) Unknown command.
Casting: Sting (safe; 8% risk of failure)
Confirm with . or Enter, or press ? or * to list all spells.
Aiming: Sting (safe; 8% risk of failure)
Press: ? - help, Shift-Dir - straight line, f - jackal
Aim: a jackal (60% to hit)
The sting hits the jackal but does no damage.
The jackal is poisoned.
The jackal barely misses you. The jackal attacks as you move away!
The jackal bites you.
The jackal bites you but does no damage.
The jackal bites you. The jackal attacks as you move away!
The jackal closely misses you.
Casting: Sting (safe; 8% risk of failure)
Confirm with . or Enter, or press ? or * to list all spells.
Aiming: Sting (safe; 8% risk of failure)
Press: ? - help, Shift-Dir - straight line, f/p - jackal
Aim: a jackal (moderately wounded, poisoned, 60% to hit)
The sting hits the jackal.
The jackal is poisoned.
The jackal is heavily wounded.
The jackal closely misses you. The jackal attacks as you move away!
The jackal bites you but does no damage.
The jackal closely misses you. The jackal attacks as you move away!
The jackal bites you.
You kill the jackal!
You hit the jackal. You freeze the jackal.
You kill the jackal!
Found a viscous puce potion.
k - a viscous puce potion
Found 6 gold pieces.
Found a dagger.
Found a notched agate ring.
You now have 39 gold pieces (gained 6).
p - a ring of protection from fire
p - a ring of protection from fire (left hand)
You open the door.
There is an open door here.
Found a potion of magic.
b - 2 potions of magic (gained 1)
An endoplasm comes into view.
The helpless endoplasm fails to defend itself.
You puncture the endoplasm! You freeze the endoplasm.
You kill the endoplasm!
Found 2 viscous puce potions.
Found a stone staircase leading down and a stone staircase leading up.
k - 3 viscous puce potions (gained 2)
There is a stone staircase leading up here.
You climb upwards.
The hobgoblin shouts!
The bat closely misses you. The hobgoblin hits you.
An endoplasm comes into view.
Found 7 gold pieces and a dagger.
There is a stone staircase leading down, spattered with blood here.
You can't go up here!
Casting: Sting (safe; 8% risk of failure)
Confirm with . or Enter, or press ? or * to list all spells.
Aiming: Sting (safe; 8% risk of failure)
Press: ? - help, Shift-Dir - straight line, f - hobgoblin
Aim: a hobgoblin (68% to hit)
The sting misses the hobgoblin.
The bat hits you.
The giant cockroach waves its antennae.
The hobgoblin barely misses you.
Casting: Sting (safe; 8% risk of failure)
Confirm with . or Enter, or press ? or * to list all spells.
Aiming: Sting (safe; 8% risk of failure)
Press: ? - help, Shift-Dir - straight line, f/p - hobgoblin
Aim: a hobgoblin (68% to hit)
The sting hits the hobgoblin but does no damage.
The hobgoblin is poisoned.
The bat misses you. The bat barely misses you. The giant cockroach bites you.
The hobgoblin hits you.
You can't go up here!
You can't go up here!
The giant cockroach closely misses you. The hobgoblin barely misses you.
You climb downwards.
There is a stone staircase leading up here.
Casting: Sting (safe; 8% risk of failure)
Confirm with . or Enter, or press ? or * to list all spells.
Aiming: Sting (safe; 8% risk of failure)
Press: ? - help, Shift-Dir - straight line, f - giant cockroach
Aim: a giant cockroach (68% to hit)
You miscast Sting.
You are very lightly contaminated with residual magic.
Nothing appears to happen.
The giant cockroach bites you.
* * * LOW HITPOINT WARNING * * *
The hobgoblin hits you.
* * * LOW HITPOINT WARNING * * *
Casting: Sting (safe; 8% risk of failure)
Confirm with . or Enter, or press ? or * to list all spells.
Aiming: Sting (safe; 8% risk of failure)
Press: ? - help, Shift-Dir - straight line, f/p - giant cockroach
Aim: a giant cockroach (68% to hit)
The sting misses the giant cockroach.
The giant cockroach closely misses you. The hobgoblin hits you.
You die...

######## #......#
##......##
#........ #.......#
#....B..######
#.....@g.....#
#......>.....#
#............#
#............#
########.....#
##.#.###
##.##.#...#
..........#
......##.##########


You could see a giant cockroach and a hobgoblin (poisoned).

Vanquished Creatures
  3 endoplasms
  A hobgoblin (D:1)
  3 jackals
  A quokka (D:1)
  2 ball pythons
  2 bats
  4 goblins
16 creatures vanquished.

Notes
Turn   | Place    | Note
-------+----------+-------------------------------------------
     0 | D:1      | Flugslaktarn the Human Venom Mage began the quest for the
                  | Orb.
     0 | D:1      | Reached XP level 1. HP: 13/13 MP: 3/3
   191 | D:1      | Reached XP level 2. HP: 3/19 MP: 1/5
   204 | D:1      | Learned a level 2 spell: Poisonous Vapours
   533 | D:2      | Slain by a hobgoblin

Illustrated notes

Levels and vault maps discovered:
D:1:      sevenhm_arrival_forest_fort_small_4, layout_basic
D:2:      layout_basic, basic_ecumenical_altar
D:3:      layout_rooms, serial_shops, nicolae_square_shop, uniq_robin

Skill      XL: |  1 |
---------------+----+-----
Transmutations | 2 |  2.0
Dodging        | |  2.0
Stealth        | |  2.0
Spellcasting   | |  2.0
Air Magic      | |  0.9
Poison Magic   | |  3.2

Action                   || total
-------------------------++-------
Melee: Unarmed           ||     9
       Dagger            ||     5
       Spear             ||     1
 Cast: Sting             ||    25
       Poisonous Vapours ||     1
 Stab: Sleeping          ||     1
Armor: Robe              ||    10
Dodge: Dodged            ||    34

Table legend: (Time is in decaauts)
 A = Elapsed time spent in this place.
 B = Non-inter-level travel time spent in this place.
 C = Inter-level travel time spent in this place.
 D = Time resting spent in this place.
 E = Time spent auto-exploring this place.
 F = Levels seen in this place.
 G = Mean time per level.
                   A        B        C        D        E       F      G
               +--------+--------+--------+--------+--------+-----+--------+
         Total |    533 |    488 |     45 |      0 |      0 |   3 |  177.7 |
       Dungeon |    533 |    488 |     45 |      0 |      0 |   3 |  177.7 |
               +--------+--------+--------+--------+--------+-----+--------+

Top non-repeatable levels by time:
     D:1: 337 daAuts
     D:2: 194 daAuts
     D:3: 1 daAuts
